Map: Taito Citadel LE

Players

Кас - Winner!

  • Race: Terran Terran
  • League: Diamond
  • Spawn Location: 5:00

HoldTheDoor

  • Race: Protoss Protoss
  • League: Diamond
  • Spawn Location: 11:00

VOD

Have the link to the VOD?

Description

Time

  • Played on: May 3, 2026, 10:14 a.m.
  • Length: 5:28
Show
View Real Time Build Order
Export as new Build Order

Кас Terran - Winner!

Build Orders:  

Get SALT Encoding   

  12  0:00  SCV  
  13  0:12  SCV  
  14  0:17  Supply Depot  
  14  0:24  SCV  
  15  0:38  SCV  
  15  0:40  Barracks  
  16  0:47  Refinery  
  16  0:51  SCV  
  17  1:03  SCV  
  18  1:15  SCV  
  19  1:22  Barracks  
  19  1:27  Supply Depot  
  19  1:29  Marine  
  20  1:36  Orbital Command  
  20  1:45  Refinery  
  20  1:51  Barracks Reactor  
  20  1:59  Supply Depot  
  20  2:04  SCV  
  21  2:16  SCV  
  21  2:19  Barracks Reactor  
  22  2:22  Barracks  
  22  2:28  Marine, SCV  
  22  2:29  Marine  
  25  2:39  Factory  
  25  2:44  SCV  
  26  2:46  Marine x2  
  26  2:51  Supply Depot  
  28  3:04  Marine x2  
  28  3:05  Marine x2  
  30  3:07  SCV  
  33  3:12  Barracks Tech Lab  
  33  3:15  Supply Depot  
  33  3:23  Factory Tech Lab  
  33  3:26  Marine  
  34  3:27  Starport  
  34  3:28  Marine  
  34  3:30  Marine  
  36  3:38  SCV  
  36  3:39  Marine x2  
  39  3:46  Stimpack  
  39  3:55  Marine x2  
  39  3:57  Siege Tank  
  44  4:04  Medivac  
  44  4:08  SCV  
  47  4:12  Marine x3  
  50  4:33  Command Center  
  50  4:39  Marine x2  
  50  4:40  Marine  
  48  5:05  Marine x3  
  48  5:06  Marine x2  
Show
View Real Time Build Order
Export as new Build Order

HoldTheDoor Protoss 

Build Orders: 1 Gate Expand 

Get SALT Encoding   

  12  0:00  Probe  
  13  0:12  Probe  
  14  0:17  Pylon  
  14  0:23  Probe  
  15  0:32  Probe  
  15  0:38  Gateway  
  15  0:40  Probe  
  16  0:49  Assimilator  
  17  0:51  Probe  
  18  1:03  Probe  
  19  1:05  Pylon  
  19  1:15  Probe  
  20  1:27  Probe  
  21  1:36  Nexus  
  21  1:37  Cybernetics Core  
  21  1:44  Probe  
  22  1:49  Assimilator  
  22  1:57  Probe, Pylon  
  23  2:05  Adept  
  23  2:06  Warp Gate  
  23  2:15  Probe  
  26  2:27  Probe  
  27  2:30  Shield Battery  
  27  2:31  Pylon  
  27  2:35  Sentry  
  29  2:39  Probe  
  30  2:48  Probe  
  31  2:55  Probe  
  32  3:03  Robotics Facility  
  32  3:05  Probe  
  33  3:21  Probe  
  33  3:25  Probe, Shield Battery  
  35  3:32  Pylon  
  35  3:33  Probe  
  36  3:37  Probe  
  37  3:45  Probe  
  38  3:49  Probe  
  38  3:50  Immortal  
  38  3:55  Robotics Bay  
  43  3:59  Gateway  
  43  4:00  Gateway  
  43  4:04  Gateway, Probe  
  43  4:08  Probe  
  45  4:17  Pylon, Zealot  
  45  4:21  Probe  
  48  4:26  Pylon  
  48  4:32  Observer  
  49  4:39  Gateway  
  49  4:40  Gateway  
  49  4:42  Gateway  
  49  4:45  Gateway  
  49  4:48  Pylon  
  47  4:54  Zealot x2  
  44  5:11  Adept  
  44  5:12  Adept  
  48  5:14  Adept  
  48  5:15  Adept  
Tags
 
Add a new tag
Caveats
  • Supply blocks, unpowered buildings, or Contaminate may cause inaccurate times.
  • Supply counts are checked every 10 seconds.